 Dungeon Crawl Stone Soup version 0.20-b1-14-g8425815 (webtiles) character file.

19 tof the Ruffian (level 2, -3/27 HPs)
             Began as a Troll Transmuter on May 23, 2017.
             Killed from afar by Blork the orc (6 damage)
             ... with a puff of frost
             ... on level 4 of the Dungeon.
             The game lasted 00:02:10 (540 turns).

tof the Ruffian (Troll Transmuter)                   Turns: 540, Time: 00:02:10

Health: -3/27      AC:  5    Str: 17    XL:     2   Next: 55%
Magic:  3/3        EV: 10    Int:  9    God:
Gold:   67         SH:  0    Dex: 10    Spells: 1/4 levels left

rFire    . . .     SeeInvis .     - Unarmed
rCold    . . .     Gourm    +   (no shield)
rNeg     . . .     Faith    .   b - +0 robe
rPois    .         Spirit   .   (helmet restricted)
rElec    .         Reflect  .   (no cloak)
rCorr    .         Harm     .   (gloves unavailable)
MR       .....                  (boots unavailable)
Stlth    +.........             (no amulet)
Regen    0.5/turn               (no ring)
MPRegen  0.1/turn               (no ring)

@: lethally poisoned (-3 -> -4)
A: unfitting armour, claws 3, fast metabolism 3, gourmand, regeneration 1,
shaggy fur 1, tough skin 2
a: no special abilities


You were on level 4 of the Dungeon.
You were very full.

You visited 1 branch of the dungeon, and saw 3 of its levels.

You collected 67 gold pieces.

Inventory:

Missiles
 a - 58 arrows
Armour
 b - a +0 robe (worn)
Scrolls
 f - a scroll of enchant weapon {unknown}
 h - a scroll of remove curse {unknown}
 j - a scroll of noise {unknown}
 k - a scroll of recharging {unknown}
Potions
 e - a potion of haste {unknown}
 i - a potion of heal wounds {unknown}
 l - a potion of lignification {unknown}
Books
 c - a book of Changes

   Spells                             Type                      Level
   a - Beastly Appendage              Transmutation                1
   b - Sticks to Snakes               Transmutation                2
   c - Spider Form                    Transmutation/Poison         3
   d - Ice Form                       Ice/Transmutation            4
   e - Blade Hands                    Transmutation                5
Comestibles
 d - 2 bread rations
 g - 2 fruits


   Skills:
 + Level 1.1 Fighting
 + Level 1.7 Dodging
 + Level 3.2 Unarmed Combat
 + Level 1.5 Spellcasting
 + Level 1.5 Transmutations


You had one spell level left.
You knew the following spells:

 Your Spells              Type           Power        Failure   Level  Hunger
a - Beastly Appendage     Tmut           #.....       19%         1    ##.....
b - Sticks to Snakes      Tmut           #.......     28%         2    ###....


Dungeon Overview and Level Annotations

Branches:
Dungeon (2/15)

Altars:

Annotations:
D:4 Blork the orc


Innate Abilities, Weirdness & Mutations

You are too large for most types of armour.
You have claws for hands.
Your metabolism is lightning-fast.
You like to eat raw meat.
Your natural rate of healing is unusually fast.
You are covered in fur. (AC +1)
You have very tough skin. (AC +2)


Message History

Blork the orc comes into view.
He is wielding a dire flail.
Blork the orc shouts!
Found 21 stones.
A worker ant comes into view.
The leopard gecko closely misses you. Blork the orc casts a spell at you.
The puff of flame hits you!
Blork the orc hits you with a dire flail.
The worker ant bites you. The worker ant barely misses you.
The leopard gecko bites you. The worker ant bites you.
You are poisoned.
The worker ant poisons you!
Blork the orc hits you with a dire flail!
* * * LOW HITPOINT WARNING * * *
You feel sick.
Blork the orc gestures at you while chanting.
The puff of frost hits you!
You die...

#O# #...........#
#.# #...........#
#.# #############
##.#################
#).................#
########...........#
#.....O(.l..#
#.......oa..#
#........@..#
#......<....#
#.......(...#
#...........#
...........#
##...###... #...
...# #... ...#


You could see Blork the orc, an ogre, a worker ant and a leopard gecko.

Vanquished Creatures
  A leopard gecko (D:2)
  A giant cockroach (D:1)
  A goblin (D:1)
  3 hobgoblins (D:1)
  3 jackals (D:1)
  3 bats (D:1)
  2 frilled lizards (D:1)
  2 kobolds (D:1)
  A rat (D:1)
17 creatures vanquished.

Notes
Turn   | Place    | Note
-------+----------+-------------------------------------------
     0 | D:1      | tof the Troll Transmuter began the quest for the Orb.
     0 | D:1      | Reached XP level 1. HP: 18/18 MP: 1/1
    80 | D:1      | Reached skill level 1 in Fighting
    82 | D:1      | Reached XP level 2. HP: 26/27 MP: 0/3
   363 | D:1      | Learned a level 2 spell: Sticks to Snakes
   467 | D:2      | You fall through a shaft for 2 floors!
   476 | D:4      | Noticed an ogre
   530 | D:4      | Noticed Blork the orc
   540 | D:4      | Killed from afar by Blork the orc

Skill      XL: |  1 |
---------------+----+-----
Fighting       | 1 |  1.1
Dodging        | |  1.7
Unarmed Combat | |  3.2
Spellcasting   | |  1.5
Transmutations | |  1.5

Action                   || total
-------------------------++-------
Melee: Unarmed           ||    39
       Kick              ||     1
       Headbutt          ||     1
 Cast: Beastly Appendage ||     9
  Eat: Chunk             ||    10
Armor: Robe              ||    17
Dodge: Dodged            ||    25
